SAAA
TORTOLITA DRUMMERS @ SCRANTON SUPERNOVAS
06/07/2042
 
TOP OF THE 1ST
Tortolita Drummers batting - Pitching for Scranton Supernovas : LHP Emilio Linger
Pitching: LHP Emilio Linger
Batting: RHB Scotty Glenn 0-0: Ball
1-0: Foul Ball, location: 2F
1-1: Foul Ball, location: 2F
1-2: Strikes out looking
Batting: RHB Tso-i Wang 0-0: SINGLE (Groundball, 4MD, EV 99.4 MPH)
Batting: RHB Tsuneari Hirano 0-0: Called Strike
0-1: Ball
1-1: Swinging Strike
1-2: Ball
2-2: Ball
3-2: Foul Ball, location: 2F
3-2: Base on Balls
Tso-i Wang to second
Batting: RHB Peter Holland 0-0: Called Strike
0-1: Foul Ball, location: 2F
0-2: Ball
1-2: Fly out, F7 (Flyball, 7LSF, EV 93.1 MPH)
Batting: SHB Fernando Rincón 0-0: Swinging Strike
0-1: Called Strike
0-2: Ball
1-2: Strikes out looking
Top of the 1st over - 0 runs, 1 hit, 0 errors, 2 left on base; Tortolita 0 - Scranton 0
BOTTOM OF THE 1ST
Scranton Supernovas batting - Pitching for Tortolita Drummers : LHP Will Hoffman
Pitching: LHP Will Hoffman
Batting: RHB Yong-ho Jheon 0-0: Ball
1-0: Foul Ball, location: 2F
1-1: Ball
2-1: Fly out, F8 (Flyball, 8LD, EV 105.0 MPH)
Batting: LHB Guan-pei Bei 0-0: Ground out U3 (Groundball, 3L, EV 83.8 MPH)
Batting: RHB Phil Moore 0-0: Called Strike
0-1: Ball
1-1: Foul Ball, location: 2F
1-2: Ball
2-2: Foul Ball, location: 2F
2-2: Ball
3-2: SOLO HOME RUN (Flyball, 9LD, EV 103.1 MPH), Distance : 357 ft
Batting: LHB Dean Jackson 0-0: SOLO HOME RUN (Line Drive, 89XD, EV 101.9 MPH), Distance : 433 ft
Batting: LHB Ken Norris 0-0: Ball
1-0: DOUBLE (Flyball, 9LD, EV 111.2 MPH)
Batting: RHB August Force 0-0: Called Strike
0-1: Foul Ball, location: 2F
0-2: SINGLE (Groundball, 34S, EV 84.4 MPH) (infield hit)
Ken Norris to third
Batting: RHB César Ferreira 0-0: Called Strike
0-1: Ball
1-1: Ball
2-1: Swinging Strike
2-2: Foul Ball, location: 2F
2-2: Ball
3-2: Foul Ball, location: 2F
3-2: Foul Ball, location: 2F
3-2: Ground out 3-1 (Groundball, 34, EV 85.0 MPH)
Bottom of the 1st over - 2 runs, 4 hits, 0 errors, 2 left on base; Tortolita 0 - Scranton 2
TOP OF THE 2ND
Tortolita Drummers batting - Pitching for Scranton Supernovas : LHP Emilio Linger
Batting: LHB Shawn Kyllo 0-0: SINGLE (Groundball, 56S, EV 66.9 MPH) (infield hit)
Batting: RHB Hayes Rutherford 0-0: Ground out 4-3 (Groundball, 4S, EV 70.0 MPH)
Shawn Kyllo to second
Batting: RHB Ken Moore 0-0: Ball
1-0: Foul Ball, location: 2F
1-1: Foul Ball, location: 2F
1-2: Ground out 6-3 (Groundball, 6, EV 103.1 MPH)
Batting: SHB Takechi Yamashita 0-0: Ball
1-0: Ball
2-0: Fly out, F8 (Flyball, 8RD, EV 98.8 MPH)
Top of the 2nd over - 0 runs, 1 hit, 0 errors, 1 left on base; Tortolita 0 - Scranton 2
BOTTOM OF THE 2ND
Scranton Supernovas batting - Pitching for Tortolita Drummers : LHP Will Hoffman
Batting: LHB Quentin Batkin 0-0: Foul Ball, location: 2F
0-1: Ball
1-1: Called Strike
1-2: Ball
2-2: Ball
3-2: Foul Ball, location: 2F
3-2: Base on Balls
Batting: RHB Domingo Cabrera 0-0: Ball
1-0: Ball
2-0: Ground out 6-3 (Groundball, 6S, EV 72.5 MPH)
Quentin Batkin to second
Batting: RHB Yong-ho Jheon 0-0: Foul Ball, location: 2F
0-1: Fly out, F8 (Flyball, 8RM, EV 96.2 MPH)
Batting: LHB Guan-pei Bei 0-0: Ball
1-0: Ball
Wild Pitch!
Quentin Batkin to third
2-0: Foul Ball, location: 2F
2-1: Ball
3-1: Ground out 4-3 (Groundball, 4S, EV 61.2 MPH)
Bottom of the 2nd over - 0 runs, 0 hits, 0 errors, 1 left on base; Tortolita 0 - Scranton 2
TOP OF THE 3RD
Tortolita Drummers batting - Pitching for Scranton Supernovas : LHP Emilio Linger
Batting: RHB Scotty Glenn 0-0: Called Strike
0-1: SINGLE (Line Drive, 8LS, EV 95.0 MPH)
Batting: RHB Tso-i Wang 0-0: Foul Ball, location: 2F
0-1: Ball
1-1: Ball
Scotty Glenn is caught stealing 2nd base 2-4
2-1: Called Strike
2-2: Foul Ball, location: 2F
2-2: Foul Ball, location: 2F
2-2: Ground out 5-3 (Groundball, 5S, EV 84.4 MPH)
Batting: RHB Tsuneari Hirano 0-0: Ball
1-0: Called Strike
1-1: Foul Ball, location: 2F
1-2: SINGLE (Line Drive, 3D, EV 98.8 MPH)
Batting: RHB Peter Holland 0-0: Called Strike
0-1: Ball
1-1: Ball
2-1: Swinging Strike
2-2: Fielders Choice at 2nd, 6-4 (Groundball, 6, EV 99.4 MPH)
Top of the 3rd over - 0 runs, 2 hits, 0 errors, 1 left on base; Tortolita 0 - Scranton 2
BOTTOM OF THE 3RD
Scranton Supernovas batting - Pitching for Tortolita Drummers : LHP Will Hoffman
Batting: RHB Phil Moore 0-0: Ball
1-0: Foul Ball, location: 2F
1-1: DOUBLE (Groundball, 5L, EV 104.4 MPH)
Batting: LHB Dean Jackson 0-0: Ball
1-0: Foul Ball, location: 2F
1-1: 2-RUN HOME RUN (Flyball, 89XD, EV 95.6 MPH), Distance : 445 ft
Batting: LHB Ken Norris 0-0: SINGLE (Groundball, 34D, EV 110.6 MPH)
Batting: RHB August Force 0-0: Called Strike
0-1: Ball
1-1: SINGLE (Flyball, 78M, EV 91.2 MPH)
Ken Norris to second
Batting: RHB César Ferreira 0-0: Ball
1-0: Called Strike
1-1: Foul Ball, location: 2F
1-2: Ball
2-2: Fly out, F9 (Line Drive, 9, EV 103.1 MPH)
Batting: LHB Quentin Batkin 0-0: Ball
1-0: Foul Ball, location: 2F
1-1: Called Strike
1-2: Strikes out swinging
Batting: RHB Domingo Cabrera 0-0: Ball
1-0: Ball
2-0: Called Strike
2-1: Foul Ball, location: 2F
2-2: Ball
3-2: Foul Ball, location: 2F
3-2: Foul Ball, location: 2F
3-2: Ground out 5-3 (Groundball, 56, EV 88.1 MPH)
Bottom of the 3rd over - 2 runs, 4 hits, 0 errors, 2 left on base; Tortolita 0 - Scranton 4
TOP OF THE 4TH
Tortolita Drummers batting - Pitching for Scranton Supernovas : LHP Emilio Linger
Batting: SHB Fernando Rincón 0-0: Ball
1-0: Ball
2-0: Ball
3-0: Base on Balls
Batting: LHB Shawn Kyllo 0-0: Fly out, F8 (Flyball, 8LXD, EV 100.6 MPH)
Batting: RHB Hayes Rutherford 0-0: Swinging Strike
0-1: Ball
1-1: Ball
2-1: Fielders Choice at 2nd, 6-4 (Groundball, 6, EV 91.2 MPH)
Batting: RHB Ken Moore 0-0: Swinging Strike
0-1: Called Strike
0-2: Ball
1-2: DOUBLE (Flyball, 8RXD, EV 93.8 MPH)
Hayes Rutherford to third
Runner from 3rd tries for Home, SAFE, throw by CF to trailing runner, SAFE at third!
Batting: SHB Takechi Yamashita 0-0: Reached on error, E3 (Groundball, 34, EV 81.9 MPH)
Ken Moore scores
Batting: RHB Scotty Glenn 0-0: Called Strike
0-1: Ball
1-1: Ball
2-1: Ball
3-1: Called Strike
3-2: Foul Ball, location: 2F
3-2: SINGLE (Flyball, 9S, EV 88.8 MPH)
Takechi Yamashita to second
Takechi Yamashita to third
Batting: RHB Tso-i Wang 0-0: Ball
1-0: SINGLE (Line Drive, 3D, EV 110.6 MPH)
Takechi Yamashita scores
Scotty Glenn to second
Batting: RHB Tsuneari Hirano 0-0: Ball
1-0: Foul Ball, location: 2F
1-1: Called Strike
1-2: Ball
2-2: Fly out, F9 (Flyball, 89D, EV 110.6 MPH)
Top of the 4th over - 3 runs, 3 hits, 1 error, 2 left on base; Tortolita 3 - Scranton 4
BOTTOM OF THE 4TH
Scranton Supernovas batting - Pitching for Tortolita Drummers : LHP Will Hoffman
Batting: RHB Yong-ho Jheon 0-0: Ball
1-0: Foul Ball, location: 2F
1-1: Ball
2-1: Foul Ball, location: 2F
2-2: Fly out, F8 (Flyball, 8LM, EV 84.4 MPH)
Batting: LHB Guan-pei Bei 0-0: Ball
1-0: Ball
2-0: Called Strike
2-1: Foul Ball, location: 2F
2-2: Ball
3-2: Strikes out swinging
Batting: RHB Phil Moore 0-0: Ball
1-0: SINGLE (Groundball, 3D, EV 93.8 MPH)
Batting: LHB Dean Jackson 0-0: Foul Ball, location: 2F
0-1: SINGLE (Groundball, 34D, EV 101.2 MPH)
Phil Moore to second
Runner from 2nd tries for 3rd, SAFE, throw by RF made to third
Batting: LHB Ken Norris 0-0: Ball
1-0: Ball
2-0: 3-RUN HOME RUN (Flyball, 9LD, EV 98.8 MPH), Distance : 347 ft
Pitching: RHP Armando Romano
Batting: RHB August Force 0-0: Foul Ball, location: 2F
0-1: Ball
1-1: Ball
2-1: Foul Ball, location: 2F
2-2: Foul Ball, location: 2F
2-2: Fly out, F7 (Line Drive, 7, EV 93.1 MPH)
Bottom of the 4th over - 3 runs, 3 hits, 0 errors, 0 left on base; Tortolita 3 - Scranton 7
TOP OF THE 5TH
Tortolita Drummers batting - Pitching for Scranton Supernovas : LHP Emilio Linger
Batting: RHB Peter Holland 0-0: Ball
1-0: Ball
2-0: Foul Ball, location: 2F
2-1: Ball
3-1: Called Strike
3-2: DOUBLE (Groundball, 5L, EV 105.6 MPH)
Batting: SHB Fernando Rincón 0-0: Called Strike
0-1: Ball
1-1: Ball
2-1: Ball
3-1: Foul Ball, location: 2F
3-2: Fly out, F9 (Line Drive, 9, EV 90.6 MPH)
Batting: LHB Shawn Kyllo 0-0: Called Strike
0-1: Ball
1-1: Foul Ball, location: 2F
1-2: Foul Ball, location: 2F
1-2: Ground out 1-3 (Groundball, 15S, EV 66.9 MPH)
Batting: RHB Hayes Rutherford 0-0: Called Strike
0-1: DOUBLE (Groundball, 5L, EV 101.9 MPH)
Peter Holland scores
Batting: RHB Ken Moore 0-0: Called Strike
0-1: Ball
1-1: Foul Ball, location: 2F
1-2: SINGLE (Line Drive, 6D, EV 108.8 MPH)
Hayes Rutherford to third
Batting: SHB Takechi Yamashita 0-0: Called Strike
0-1: Ball
1-1: Ground out 6-3 (Groundball, 6S, EV 83.8 MPH)
Top of the 5th over - 1 run, 3 hits, 0 errors, 2 left on base; Tortolita 4 - Scranton 7
BOTTOM OF THE 5TH
Scranton Supernovas batting - Pitching for Tortolita Drummers : RHP Armando Romano
Batting: RHB César Ferreira 0-0: Swinging Strike
0-1: Ball
1-1: SINGLE (Flyball, 78S, EV 82.5 MPH)
Batting: LHB Quentin Batkin 0-0: Ball
1-0: Sac Bunt to 15S - play at first, batter OUT! 1-4
César Ferreira to second
Batting: RHB Domingo Cabrera 0-0: Ball
1-0: Ball
2-0: DOUBLE (Line Drive, 89D, EV 108.1 MPH)
César Ferreira scores
Batting: RHB Yong-ho Jheon 0-0: Called Strike
0-1: Ground out 5-3 (Groundball, 5, EV 81.2 MPH)
Batting: LHB Guan-pei Bei 0-0: Ball
1-0: Fly out, F8 (Flyball, 89D, EV 103.1 MPH)
Bottom of the 5th over - 1 run, 2 hits, 0 errors, 1 left on base; Tortolita 4 - Scranton 8
TOP OF THE 6TH
Tortolita Drummers batting - Pitching for Scranton Supernovas : LHP Emilio Linger
Batting: RHB Scotty Glenn 0-0: Ball
1-0: Swinging Strike
1-1: Foul Ball, location: 2F
1-2: Foul Ball, location: 2F
1-2: Reaches on Catchers interference
Pitching: RHP Malcolm Bullard
Batting: RHB Tso-i Wang 0-0: Ball
1-0: Ball
2-0: Ball
3-0: Called Strike
3-1: Called Strike
3-2: Strikes out swinging
Scotty Glenn steals 2nd base
Batter strikes out.
Batting: RHB Tsuneari Hirano 0-0: Called Strike
0-1: Ball
Scotty Glenn steals 3rd base
1-1: Swinging Strike
1-2: Foul Ball, location: 2F
1-2: Strikes out looking
Batting: RHB Peter Holland 0-0: Ball
1-0: Ball
2-0: Ball
3-0: Base on Balls
Batting: SHB Fernando Rincón 0-0: Ball
1-0: Foul Ball, location: 2F
1-1: Fly out, F9 (Flyball, 9, EV 77.5 MPH)
Top of the 6th over - 0 runs, 0 hits, 1 error, 2 left on base; Tortolita 4 - Scranton 8
BOTTOM OF THE 6TH
Scranton Supernovas batting - Pitching for Tortolita Drummers : RHP Armando Romano
Batting: RHB Phil Moore 0-0: Foul Ball, location: 2F
0-1: Foul Ball, location: 2F
0-2: Ball
1-2: Fly out, F9 (Flyball, 9D, EV 102.5 MPH)
Batting: LHB Dean Jackson 0-0: Ball
1-0: Ball
2-0: Ball
3-0: Base on Balls
Batting: LHB Ken Norris 0-0: Ball
1-0: Ball
2-0: Fly out, F7 (Flyball, 7S, EV 94.4 MPH)
Batting: RHB August Force 0-0: Called Strike
0-1: SINGLE (Line Drive, 8RS, EV 105.6 MPH)
Dean Jackson to second
Batting: RHB César Ferreira 0-0: Called Strike
0-1: Ball
1-1: Swinging Strike
1-2: Foul Ball, location: 2F
1-2: Foul Ball, location: 2F
1-2: Ball
2-2: Strikes out swinging
Bottom of the 6th over - 0 runs, 1 hit, 0 errors, 2 left on base; Tortolita 4 - Scranton 8
TOP OF THE 7TH
Tortolita Drummers batting - Pitching for Scranton Supernovas : RHP Malcolm Bullard
Batting: LHB Shawn Kyllo 0-0: Called Strike
0-1: Ball
1-1: Called Strike
1-2: Strikes out looking
Batting: RHB Hayes Rutherford 0-0: Ball
1-0: Called Strike
1-1: Foul Ball, location: 2F
1-2: Ball
2-2: Foul Ball, location: 2F
2-2: Ground out 4-3 (Groundball, 4, EV 80.0 MPH)
Batting: RHB Ken Moore 0-0: Ball
1-0: Fly out, F7 (Flyball, 7S, EV 81.2 MPH)
Top of the 7th over - 0 runs, 0 hits, 0 errors, 0 left on base; Tortolita 4 - Scranton 8
BOTTOM OF THE 7TH
Scranton Supernovas batting - Pitching for Tortolita Drummers : RHP Armando Romano
Batting: LHB Quentin Batkin 0-0: SINGLE (Line Drive, 7S, EV 100.0 MPH)
Batting: RHB Domingo Cabrera 0-0: Called Strike
0-1: Bunted foul
0-2: Ball
1-2: Strikes out swinging
Pitching: LHP Jerry Hamm
Batting: RHB Yong-ho Jheon 0-0: SINGLE (Line Drive, 7S, EV 108.8 MPH)
Quentin Batkin to second
Batting: LHB Guan-pei Bei 0-0: Hit by Pitch
Quentin Batkin to third
Yong-ho Jheon to second
Batting: RHB Phil Moore 0-0: Fly out, F7 (Flyball, 78S, EV 89.4 MPH)
Batting: LHB Dean Jackson 0-0: Called Strike
0-1: Ball
1-1: Ball
2-1: Ball
3-1: Base on Balls
Quentin Batkin scores
Yong-ho Jheon to third
Guan-pei Bei to second
Batting: LHB Ken Norris 0-0: Ball
1-0: Swinging Strike
1-1: Ball
2-1: Ground out 3-1 (Groundball, 34, EV 108.1 MPH)
Bottom of the 7th over - 1 run, 2 hits, 0 errors, 3 left on base; Tortolita 4 - Scranton 9
TOP OF THE 8TH
Tortolita Drummers batting - Pitching for Scranton Supernovas : RHP Malcolm Bullard
Batting: SHB Takechi Yamashita 0-0: Called Strike
0-1: Foul Ball, location: 2F
0-2: Foul Ball, location: 2F
0-2: Hit by Pitch
Batting: RHB Scotty Glenn 0-0: Called Strike
0-1: Swinging Strike
0-2: Ball
1-2: SINGLE (Groundball, 56S, EV 88.1 MPH) (infield hit)
Takechi Yamashita to second
Batting: RHB Tso-i Wang 0-0: Fielders Choice at 2nd, 6-4 (Groundball, 6, EV 103.8 MPH)
Takechi Yamashita to third
Batting: RHB Tsuneari Hirano 0-0: Ball
Wild Pitch!
Takechi Yamashita scores
Tso-i Wang to second
1-0: Ball
2-0: Ball
3-0: Base on Balls
Batting: RHB Peter Holland 0-0: Swinging Strike
0-1: Ball
1-1: Ball
2-1: Swinging Strike
2-2: Ball
3-2: Base on Balls
Tso-i Wang to third
Tsuneari Hirano to second
Batting: SHB Fernando Rincón 0-0: Ball
1-0: Ball
2-0: Foul Ball, location: 2F
2-1: Called Strike
2-2: Foul Ball, location: 2F
2-2: SINGLE (Line Drive, 3D, EV 97.5 MPH)
Tso-i Wang scores
Tsuneari Hirano to third
Peter Holland to second
Pitching: LHP Faisal bin Nabeel
Now at 3B: Zacarías Salazar
Now in LF: Abhipala Srivastav
Pinch Hitting: RHB Alberto Ramírez 0-0: Ball
1-0: Fly out, F9 (Flyball, 9S, EV 87.5 MPH)
Batting: RHB Hayes Rutherford 0-0: Called Strike
0-1: Ball
1-1: Foul Ball, location: 2F
1-2: Ball
2-2: Strikes out swinging
Top of the 8th over - 2 runs, 2 hits, 0 errors, 3 left on base; Tortolita 6 - Scranton 9
BOTTOM OF THE 8TH
Scranton Supernovas batting - Pitching for Tortolita Drummers : LHP Jerry Hamm
Now in LF: Alberto Ramírez
Batting: RHB August Force 0-0: Ball
1-0: Called Strike
1-1: Foul Ball, location: 2F
1-2: Foul Ball, location: 2F
1-2: Foul Ball, location: 2F
1-2: Strikes out looking
Batting: RHB César Ferreira 0-0: Called Strike
0-1: Foul Ball, location: 2F
0-2: Strikes out swinging
Batting: LHB Quentin Batkin 0-0: Called Strike
0-1: DOUBLE (Line Drive, 78D, EV 108.1 MPH)
Batting: RHB Domingo Cabrera 0-0: Called Strike
0-1: SINGLE (Groundball, 25, EV 63.8 MPH) (infield hit)
Quentin Batkin to third
Batting: RHB Yong-ho Jheon 0-0: Ball
1-0: Ball
2-0: Swinging Strike
2-1: Fly out, F7 (Flyball, 78M, EV 88.8 MPH)
Bottom of the 8th over - 0 runs, 2 hits, 0 errors, 2 left on base; Tortolita 6 - Scranton 9
TOP OF THE 9TH
Tortolita Drummers batting - Pitching for Scranton Supernovas : LHP Faisal bin Nabeel
Pitching: RHP Thomas Sangrey
Batting: RHB Ken Moore 0-0: Ball
1-0: Fly out, F8 (Flyball, 8LS, EV 80.0 MPH)
Batting: SHB Takechi Yamashita 0-0: Foul Ball, location: 2F
0-1: Foul Ball, location: 2F
0-2: Strikes out swinging
Batting: RHB Scotty Glenn 0-0: Ground out 5-3 (Groundball, 56, EV 88.1 MPH)
Top of the 9th over - 0 runs, 0 hits, 0 errors, 0 left on base; Tortolita 6 - Scranton 9
Friday, March 26th, 2021 - OOTP Baseball 20.8 Build 74